[ AOE2 MATCH · #507029494 ]
UnrankedByzantines vs Mongols
Rival team · LOSS
[ REPLAY ANALYSIS · EXTRACTED FROM THE RECORDED GAME ]
Feudal
10:50
Castle
22:45
Imperial
46:05
| APM avg | 44.3 |
| APM peak | 106 |
| eAPM avg | 29.2 |
| Villagers / military | 138 / 476 |
Focus
⚔️ 47.5% · 🌾 52.5%
Camel Scout ×219 · Skirmisher ×156 · Scout Cavalry ×49 · Spearman ×35 · Scorpion ×9 · Trebuchet (Packed) ×5
Feudal
9:22
Castle
23:51
Imperial
36:26
| APM avg | 52.7 |
| APM peak | 82 |
| eAPM avg | 30.3 |
| Villagers / military | 165 / 257 |
Focus
⚔️ 51.5% · 🌾 48.5%
Cavalry Archer ×123 · Scout Cavalry ×79 · Camel Scout ×29 · Archer ×9 · Monk ×5 · Trebuchet (Packed) ×4
Match map
Initial resources + every placement click. Lines = walls · curves = elevation contours. ◆ gold · ⬟ stone · ● berries · ✦ relic · ◌ wall gap
Your base· Open — 4t gap
Chili's base· ✓ Closed at 23:51 · 73t walls · no gate
Smoothed initial terrain · ◌ = detected wall gap · hover for details
Inputs per minute
— Mataku - - Chili
Build order — Mataku
First 150 of 826 actions detected
| 0:00 | Queue | Villager (Male) |
| 0:00 | Queue | Villager (Male) |
| 0:02 | Build | House |
| 0:03 | Build | House |
| 0:15 | Build | House |
| 0:16 | Queue | Villager (Male) |
| 0:16 | Queue | Villager (Male) |
| 1:31 | Queue | Villager (Male) |
| 1:50 | Build | Lumber Camp |
| 2:01 | Queue | Villager (Male) |
| 2:19 | Queue | Villager (Male) |
| 2:49 | Queue | Villager (Male) |
| 2:49 | Queue | Villager (Male) |
| 3:16 | Queue | Villager (Male) |
| 3:24 | Build | House |
| 3:28 | Build | House |
| 4:17 | Queue | Villager (Male) |
| 4:17 | Queue | Villager (Male) |
| 4:17 | Queue | Villager (Male) |
| 4:17 | Queue | Villager (Male) |
| 4:41 | Queue | Villager (Male) |
| 4:53 | Build | House |
| 5:15 | Build | House |
| 5:35 | Queue | Villager (Male) |
| 5:48 | Queue | Villager (Male) |
| 5:48 | Queue | Villager (Male) |
| 5:57 | Build | Palisade Wall |
| 6:03 | Build | Palisade Wall |
| 6:10 | Build | Mill |
| 6:36 | Build | Palisade Wall |
| 6:41 | Build | Palisade Wall |
| 7:06 | Build | Palisade Wall |
| 7:22 | Build | House |
| 7:25 | Queue | Villager (Male) |
| 7:25 | Queue | Villager (Male) |
| 7:26 | Research | Loom |
| 8:28 | Research | Feudal Age |
| 8:30 | Build | House |
| 8:52 | Build | Barracks |
| 8:56 | Build | Palisade Wall |
| 8:57 | Build | Palisade Wall |
| 8:59 | Build | Palisade Wall |
| 9:29 | Build | House |
| 9:51 | Queue | Villager (Male) |
| 9:54 | Build | Mill |
| 10:50 | Age | Feudal Age |
| 10:55 | Build | Archery Range |
| 10:58 | Research | Horse Collar |
| 10:59 | Research | Double-Bit Axe |
| 11:02 | Build | Farm |
| 11:09 | Queue | Villager (Male) |
| 11:09 | Queue | Villager (Male) |
| 11:25 | Queue | Skirmisher |
| 11:25 | Queue | Skirmisher |
| 11:31 | Build | Farm |
| 11:32 | Queue | Villager (Male) |
| 11:40 | Build | Farm |
| 11:41 | Queue | Skirmisher |
| 11:52 | Build | House |
| 11:58 | Build | Palisade Wall |
| 12:15 | Build | Farm |
| 12:18 | Build | Farm |
| 12:23 | Queue | Skirmisher |
| 12:23 | Queue | Skirmisher |
| 12:36 | Build | Farm |
| 12:37 | Build | Farm |
| 12:45 | Build | Farm |
| 12:57 | Queue | Villager (Male) |
| 12:58 | Queue | Villager (Male) |
| 12:58 | Queue | Villager (Male) |
| 13:02 | Build | House |
| 13:03 | Build | Farm |
| 13:16 | Queue | Spearman |
| 13:26 | Build | Farm |
| 13:27 | Queue | Villager (Male) |
| 13:30 | Queue | Skirmisher |
| 13:39 | Queue | Skirmisher |
| 13:54 | Build | Farm |
| 14:02 | Build | House |
| 14:03 | Build | House |
| 14:04 | Build | Palisade Wall |
| 14:08 | Queue | Skirmisher |
| 14:20 | Queue | Villager (Male) |
| 14:20 | Queue | Villager (Male) |
| 14:30 | Queue | Villager (Male) |
| 14:32 | Build | Farm |
| 15:01 | Build | Lumber Camp |
| 15:06 | Queue | Villager (Male) |
| 15:35 | Build | House |
| 15:39 | Build | House |
| 15:44 | Queue | Villager (Male) |
| 15:48 | Build | Palisade Wall |
| 15:53 | Build | House |
| 15:57 | Queue | Villager (Male) |
| 15:57 | Queue | Villager (Male) |
| 16:02 | Queue | Skirmisher |
| 16:03 | Queue | Skirmisher |
| 16:07 | Build | House |
| 16:10 | Build | House |
| 16:14 | Queue | Villager (Male) |
| 16:14 | Queue | Villager (Male) |
| 16:38 | Build | Watch Tower |
| 16:49 | Build | Mining Camp |
| 17:03 | Build | Lumber Camp |
| 17:24 | Queue | Villager (Male) |
| 17:34 | Build | Mining Camp |
| 17:50 | Build | Blacksmith |
| 18:17 | Queue | Villager (Male) |
| 18:27 | Build | House |
| 18:30 | Build | House |
| 18:35 | Research | Fletching |
| 19:07 | Build | Market |
| 19:14 | Queue | Villager (Male) |
| 19:39 | Build | Stable |
| 19:44 | Build | Farm |
| 19:45 | Build | Farm |
| 20:05 | Research | Castle Age |
| 20:43 | Build | Stable |
| 21:07 | Research | Scale Barding Armor |
| 21:16 | Build | Farm |
| 21:16 | Build | Farm |
| 21:17 | Build | Farm |
| 21:17 | Build | Farm |
| 21:17 | Build | Farm |
| 21:17 | Build | Farm |
| 21:18 | Build | Farm |
| 21:18 | Build | Farm |
| 21:30 | Queue | Skirmisher |
| 21:53 | Research | Forging |
| 21:57 | Queue | Villager (Male) |
| 21:57 | Queue | Villager (Male) |
| 22:45 | Age | Castle Age |
| 22:48 | Queue | Camel Scout |
| 22:48 | Queue | Camel Scout |
| 22:49 | Queue | Camel Scout |
| 22:49 | Queue | Camel Scout |
| 23:09 | Build | Town Center |
| 23:10 | Queue | Villager (Male) |
| 23:10 | Queue | Villager (Male) |
| 23:11 | Queue | Camel Scout |
| 23:12 | Queue | Camel Scout |
| 23:21 | Research | Bodkin Arrow |
| 23:30 | Build | Farm |
| 23:31 | Build | Farm |
| 23:55 | Build | Farm |
| 24:08 | Queue | Camel Scout |
| 24:09 | Queue | Villager (Male) |
| 24:09 | Queue | Villager (Male) |
| 24:09 | Queue | Villager (Male) |
| 24:22 | Queue | Villager (Male) |
Build order — Chili
First 150 of 688 actions detected
| 0:00 | Queue | Villager (Male) |
| 0:01 | Queue | Villager (Male) |
| 0:02 | Build | House |
| 0:04 | Build | House |
| 0:06 | Queue | Villager (Male) |
| 0:06 | Queue | Villager (Male) |
| 1:32 | Queue | Villager (Male) |
| 1:53 | Queue | Villager (Male) |
| 2:21 | Queue | Villager (Male) |
| 2:22 | Queue | Villager (Male) |
| 2:33 | Build | Lumber Camp |
| 2:52 | Queue | Villager (Male) |
| 2:54 | Queue | Villager (Male) |
| 3:10 | Build | House |
| 3:25 | Queue | Villager (Male) |
| 4:04 | Queue | Villager (Male) |
| 4:04 | Queue | Villager (Male) |
| 5:04 | Queue | Villager (Male) |
| 5:09 | Build | Mill |
| 5:15 | Queue | Villager (Male) |
| 5:22 | Queue | Villager (Male) |
| 5:56 | Queue | Villager (Male) |
| 5:57 | Research | Loom |
| 6:13 | Build | Barracks |
| 6:53 | Build | House |
| 7:13 | Research | Feudal Age |
| 7:14 | Queue | Militia |
| 7:39 | Queue | Militia |
| 7:48 | Build | Mill |
| 7:57 | Queue | Militia |
| 8:02 | Build | House |
| 8:11 | Build | Mining Camp |
| 8:41 | Queue | Villager (Male) |
| 9:22 | Age | Feudal Age |
| 9:24 | Build | Archery Range |
| 9:26 | Queue | Villager (Male) |
| 9:32 | Build | Watch Tower |
| 9:43 | Research | Man-at-Arms (upgrade) |
| 9:43 | Queue | Villager (Male) |
| 9:47 | Build | Mill |
| 10:02 | Build | Watch Tower |
| 10:09 | Queue | Villager (Male) |
| 10:17 | Research | Double-Bit Axe |
| 10:30 | Queue | Archer |
| 10:36 | Build | Palisade Wall |
| 10:37 | Build | Palisade Wall |
| 10:37 | Build | Palisade Wall |
| 10:38 | Build | Palisade Wall |
| 10:39 | Build | Palisade Wall |
| 10:52 | Queue | Villager (Male) |
| 11:01 | Queue | Villager (Male) |
| 11:24 | Queue | Villager (Male) |
| 11:33 | Build | Mining Camp |
| 11:38 | Queue | Archer |
| 11:48 | Build | House |
| 11:50 | Queue | Villager (Male) |
| 11:57 | Build | Blacksmith |
| 12:21 | Queue | Villager (Male) |
| 12:28 | Queue | Archer |
| 12:58 | Build | Palisade Wall |
| 12:59 | Build | Palisade Wall |
| 13:01 | Queue | Skirmisher |
| 13:05 | Build | House |
| 13:06 | Queue | Villager (Male) |
| 13:18 | Queue | Villager (Male) |
| 13:22 | Build | House |
| 13:23 | Build | House |
| 13:35 | Build | House |
| 13:50 | Research | Fletching |
| 14:13 | Build | Watch Tower |
| 14:19 | Queue | Skirmisher |
| 14:19 | Queue | Villager (Male) |
| 14:22 | Build | Farm |
| 14:23 | Build | Farm |
| 14:23 | Queue | Villager (Male) |
| 14:27 | Build | Palisade Wall |
| 14:30 | Build | Palisade Wall |
| 14:39 | Queue | Archer |
| 14:47 | Build | Watch Tower |
| 14:54 | Queue | Villager (Male) |
| 15:05 | Build | Farm |
| 15:06 | Build | Farm |
| 15:06 | Build | Farm |
| 15:06 | Build | Farm |
| 15:08 | Queue | Villager (Male) |
| 15:14 | Queue | Archer |
| 15:19 | Build | House |
| 15:24 | Build | Palisade Wall |
| 15:25 | Build | Palisade Wall |
| 15:26 | Build | Palisade Wall |
| 15:26 | Build | Palisade Wall |
| 15:35 | Build | Palisade Wall |
| 15:53 | Queue | Villager (Male) |
| 15:55 | Build | Farm |
| 16:00 | Queue | Villager (Male) |
| 16:04 | Build | Palisade Wall |
| 16:24 | Queue | Villager (Male) |
| 16:29 | Build | Farm |
| 16:31 | Build | Farm |
| 16:55 | Build | Watch Tower |
| 17:00 | Queue | Villager (Male) |
| 17:03 | Build | Farm |
| 17:05 | Build | Farm |
| 17:19 | Queue | Villager (Male) |
| 17:30 | Queue | Archer |
| 17:30 | Queue | Archer |
| 17:53 | Build | Palisade Wall |
| 17:54 | Build | Palisade Wall |
| 17:55 | Build | Palisade Wall |
| 17:56 | Build | Palisade Wall |
| 17:57 | Queue | Villager (Male) |
| 18:15 | Queue | Villager (Male) |
| 18:19 | Build | House |
| 18:22 | Build | Palisade Wall |
| 18:23 | Build | Palisade Wall |
| 18:27 | Build | Palisade Wall |
| 18:29 | Build | Palisade Wall |
| 18:39 | Queue | Villager (Male) |
| 19:01 | Queue | Villager (Male) |
| 19:05 | Build | Farm |
| 19:05 | Build | Farm |
| 19:07 | Build | Farm |
| 19:13 | Build | House |
| 19:14 | Build | Palisade Wall |
| 19:28 | Queue | Villager (Male) |
| 19:44 | Build | Market |
| 19:51 | Queue | Villager (Male) |
| 19:54 | Research | Wheelbarrow |
| 20:18 | Build | Lumber Camp |
| 20:55 | Build | Palisade Wall |
| 20:56 | Build | Palisade Wall |
| 21:04 | Research | Castle Age |
| 21:24 | Queue | Villager (Male) |
| 21:27 | Build | House |
| 21:27 | Build | Palisade Wall |
| 21:47 | Research | Horse Collar |
| 21:48 | Research | Gold Mining |
| 22:31 | Build | Archery Range |
| 22:42 | Build | Stable |
| 23:09 | Research | Padded Archer Armor |
| 23:19 | Build | Palisade Wall |
| 23:47 | Research | Bloodlines |
| 23:51 | Age | Castle Age |
| 23:52 | Build | Farm |
| 23:54 | Build | Farm |
| 23:55 | Queue | Cavalry Archer |
| 23:55 | Queue | Cavalry Archer |
| 23:57 | Queue | Villager (Male) |
| 24:07 | Queue | Villager (Male) |
| 24:09 | Build | Monastery |
Match timeline
| 5:57 | Mataku · wall_segment Palisade Wall x13 |
| 6:03 | Mataku · wall_segment Palisade Wall x7 |
| 6:13 | Chili · first_building Barracks |
| 6:36 | Mataku · wall_segment Palisade Wall x12 |
| 6:41 | Mataku · wall_segment Palisade Wall x5 |
| 7:06 | Mataku · wall_segment Palisade Wall x6 |
| 8:52 | Mataku · first_building Barracks |
| 8:56 | Mataku · wall_segment Palisade Wall x1 |
| 8:57 | Mataku · wall_segment Palisade Wall x1 |
| 8:59 | Mataku · wall_segment Palisade Wall x1 |
| 9:22 | Chili · age_up feudal |
| 9:24 | Chili · first_building Archery Range |
| 10:36 | Chili · wall_segment Palisade Wall x1 |
| 10:37 | Chili · wall_segment Palisade Wall x1 |
| 10:37 | Chili · wall_segment Palisade Wall x1 |
| 10:38 | Chili · wall_segment Palisade Wall x2 |
| 10:39 | Chili · wall_segment Palisade Wall x3 |
| 10:50 | Mataku · age_up feudal |
| 10:55 | Mataku · first_building Archery Range |
| 11:58 | Mataku · wall_segment Palisade Wall x1 |
| 12:58 | Chili · wall_segment Palisade Wall x1 |
| 12:59 | Chili · wall_segment Palisade Wall x1 |
| 14:04 | Mataku · wall_segment Palisade Wall x1 |
| 14:27 | Chili · wall_segment Palisade Wall x5 |
| 14:30 | Chili · wall_segment Palisade Wall x2 |
| 15:24 | Chili · wall_segment Palisade Wall x3 |
| 15:25 | Chili · wall_segment Palisade Wall x3 |
| 15:26 | Chili · wall_segment Palisade Wall x3 |
| 15:26 | Chili · wall_segment Palisade Wall x1 |
| 15:35 | Chili · wall_segment Palisade Wall x1 |
| 15:48 | Mataku · wall_segment Palisade Wall x1 |
| 16:04 | Chili · wall_segment Palisade Wall x14 |
| 17:53 | Chili · wall_segment Palisade Wall x2 |
| 17:54 | Chili · wall_segment Palisade Wall x3 |
| 17:55 | Chili · wall_segment Palisade Wall x2 |
| 17:56 | Chili · wall_segment Palisade Wall x1 |
| 18:22 | Chili · wall_segment Palisade Wall x11 |
| 18:23 | Chili · wall_segment Palisade Wall x5 |
| 18:27 | Chili · wall_segment Palisade Wall x1 |
| 18:29 | Chili · wall_segment Palisade Wall x3 |
| 19:14 | Chili · wall_segment Palisade Wall x1 |
| 19:39 | Mataku · first_building Stable |
| 19:55 | Mataku · first_market_sell 100 wood |
| 19:56 | Mataku · first_market_buy 100 food |
| 20:38 | Chili · first_market_buy 100 food |
| 20:55 | Chili · wall_segment Palisade Wall x1 |
| 20:56 | Chili · wall_segment Palisade Wall x1 |
| 21:03 | Chili · first_market_sell 100 wood |
| 21:27 | Chili · wall_segment Palisade Wall x7 |
| 22:42 | Chili · first_building Stable |
| 22:45 | Mataku · age_up castle |
| 23:19 | Chili · wall_segment Palisade Wall x1 |
| 23:51 | Chili · age_up castle |
| 24:09 | Chili · first_building Monastery |
| 24:41 | Chili · wall_segment Palisade Wall x1 |
| 26:05 | Mataku · first_building Siege Workshop |
| 36:26 | Chili · age_up imperial |
| 41:12 | Mataku · first_building Castle |
| 41:20 | Chili · first_building Castle |
| 41:59 | Chili · wall_segment Stone Wall x10 |
| 42:37 | Chili · wall_segment Stone Wall x2 |
| 42:41 | Chili · wall_segment Stone Wall x10 |
| 43:25 | Chili · wall_segment Stone Wall x3 |
| 46:05 | Mataku · age_up imperial |
| 48:01 | Chili · wall_segment Stone Wall x3 |
| 48:39 | Chili · wall_segment Stone Wall x1 |
| 49:08 | Chili · wall_segment Stone Wall x1 |
| 49:10 | Chili · wall_segment Stone Wall x1 |
| 53:51 | Chili · wall_segment Stone Wall x2 |
| 53:54 | Chili · wall_segment Stone Wall x1 |
| 54:08 | Chili · wall_segment Stone Wall x3 |
| 55:09 | Chili · wall_segment Stone Wall x8 |
| 55:26 | Chili · wall_segment Stone Wall x6 |
| 57:24 | Chili · resign |
[ AI ANALYSIS · 1 CREDIT ]
What really happened in this match?
Wolo.gg analyzes every decision: build order, eco, micro, common mistakes by bracket. Personalized analysis on WhatsApp or Discord in 30 seconds.
Civ guide
Byzantines
Perfil
Jugador #4546796